 Dungeon Crawl Stone Soup version 0.27-a0-906-g0a00ce863d (webtiles) character file.

Game seed: 4679190081394907182

1547 funkygono the Firebug (level 8, 0/43 HPs)
             Began as a Gargoyle Fire Elementalist on Apr 8, 2021.
             Was an Initiate of Vehumet.
             Slain by a wyvern (10 damage)
             ... on level 6 of the Dungeon.
             The game lasted 00:15:27 (7207 turns).

funkygono the Firebug (Gargoyle Fire Elementalist)  Turns: 7207, Time: 00:15:29

Health: 0/43       AC:  7    Str: 19    XL:     8   Next: 87%
Magic:  10/16      EV: 12    Int: 17    God:    Vehumet [......]
Gold:   289        SH:  0    Dex: 10    Spells: 5/18 levels left

rFire    . . .     SeeInvis .   h - +5 flail
rCold    . . .     Faith    .   (no shield)
rNeg     + . .     Spirit   .   a - +0 robe
rPois    ∞         Reflect  .   (no helmet)
rElec    +         Harm     .   (no cloak)
rCorr    .         Rampage  .   (no gloves)
Will     .....                  (no boots)
Stlth    ++........             (no amulet)
HPRegen  0.14/turn              k - +6 ring of strength
MPRegen  0.15/turn              (no ring)

@: mighty
A: AC +5, negative energy resistance 1, electricity resistance, torment
resistance 1, unbreathing 1, petrification resistance
a: Renounce Religion


You were on level 6 of the Dungeon.
You worshipped Vehumet.
Vehumet was noncommittal.
You visited 2 branches of the dungeon, and saw 7 of its levels.

You collected 289 gold pieces.

Inventory:

Hand Weapons
 h - a +5 flail (weapon)
Missiles
 b - 8 curare-tipped darts
Armour
 a - a +0 robe (worn)
 d - a +0 leather armour
 t - a +1 ring mail of poison resistance
Jewellery
 k - a +6 ring of strength (left hand)
Wands
 m - a wand of random effects (13)
Scrolls
 c - 3 scrolls of amnesia
 l - 3 scrolls of magic mapping
 o - a scroll of fear
 r - 2 scrolls of summoning
Potions
 f - a potion of mutation
 g - 2 potions of brilliance {unknown}
 i - 2 potions of cancellation
 j - 2 potions of flight {unknown}
 n - a potion of heal wounds {unknown}
 p - a potion of curing {unknown}


   Skills:
 + Level 1.5 Fighting
 + Level 2.0 Maces & Flails
 + Level 2.3 Dodging
 + Level 3.1 Stealth
 * Level 5.7 Spellcasting
 * Level 5.7 Conjurations
 * Level 6.7 Fire Magic


You had 5 spell levels left.
You knew the following spells:

 Your Spells              Type           Power      Damage    Failure   Level
a - Foxfire               Conj/Fire      100%       2x1d9     1%          1
b - Conjure Flame         Conj/Fire      26%        6-21      3%          3
d - Sticky Flame          Conj/Fire      26%        2d5       11%         4
e - Fireball              Conj/Fire      13%        3d7       28%         5

Your spell library contained the following spells:

 Spells                   Type           Power      Damage    Failure   Level
 Inner Flame              Hex/Fire       16%        N/A       10%         3
 Summon Small Mammal      Summ           16%        N/A       13%         1
 Call Imp                 Summ           4%         N/A       21%         2
 Call Canine Familiar     Summ           4%         N/A       36%         3
 Confusing Touch          Hex            4%         N/A       36%         3
 Gell's Gravitas          Tloc           2%         N/A       36%         3
 Summon Guardian Golem    Hex/Summ       4%         N/A       36%         3
 Petrify                  Tmut/Erth      4%         N/A       78%         4
 Summon Ice Beast         Ice/Summ       4%         N/A       78%         4
 Summon Lightning Spire   Summ/Air       4%         N/A       78%         4
 Metabolic Englaciation   Hex/Ice        2%         N/A       98%         5
 Yara's Violent Unravell  Hex/Tmut       2%         3d3       98%         5


Dungeon Overview and Level Annotations

Branches:
Dungeon (6/15)             Temple (1/1) D:5

Altars:
Ashenzari
Dithmenos
Elyvilon
Fedhas
Gozag
Hepliaklqana
Nemelex Xobeh
Okawaru
Qazlal
Sif Muna
Trog
Uskayaw
Vehumet
Wu Jian
Xom
Yredelemnul
Zin
The Shining One


Innate Abilities, Weirdness & Mutations

Your stone body is resilient. (AC +5)
You are immune to poison.
You resist negative energy. (rN+)
You are resistant to electric shocks. (rElec)
You are resistant to unholy torment.
You can survive without breathing.
You are immune to petrification.


Message History

The wyvern bites you!
You closely miss the wyvern.
The wyvern is lightly wounded.
The wyvern bites you but does no damage.
The wyvern bites you.
Casting: Foxfire (safe; 1% risk of failure)
Confirm with . or Enter, or press ? or * to list all spells.
You conjure some foxfire!
The wyvern bites you but does no damage.
You hit the wyvern.
The wyvern is lightly wounded.
The foxfire hits the wyvern.
The wyvern is moderately wounded.
The foxfire hits the wyvern but does no damage.
The wyvern is moderately wounded.
The wyvern closely misses you. The wyvern barely misses you.
Casting: Foxfire (safe; 1% risk of failure)
Confirm with . or Enter, or press ? or * to list all spells.
You conjure some foxfire!
The wyvern barely misses you. The wyvern bites you!
Unknown command.
You closely miss the wyvern.
The wyvern is moderately wounded.
The foxfire hits the wyvern but does no damage.
The wyvern is moderately wounded.
The foxfire hits the wyvern but does no damage.
The wyvern is moderately wounded.
The wyvern closely misses you. x2
Casting: Foxfire (safe; 1% risk of failure)
Confirm with . or Enter, or press ? or * to list all spells.
You conjure some foxfire!
The wyvern bites you!
* * * LOW HITPOINT WARNING * * *
Unknown command.
You feel very mighty all of a sudden.
The foxfire hits the wyvern.
The wyvern is moderately wounded.
The foxfire hits the wyvern!
The wyvern is heavily wounded.
The wyvern bites you but does no damage.
The wyvern bites you!
You die...

#....# . #<...# ≈≈
#....# # ≈≈≈ #....#
## .≈ ### #....###.
#.##.# #....#...
#.?l.########[...#.(.
#@§...........#...
#########....##...
####...... ####...
#... #... #... ####


You could see a wyvern.

Vanquished Creatures
  A two-headed ogre (D:5)
  3 water moccasins
  A sky beast (D:6)
  An ogre (D:4)
  2 scorpions (D:5)
  A water moccasin zombie (D:5)
  An orc priest (D:5)
  6 hounds
  Jessica (D:3)
  Ijyb (D:3)
  An iguana (D:6)
  4 orc wizards
  A hound zombie (D:5)
  A hound skeleton (D:4)
  A gnoll (D:1)
  A howler monkey skeleton (D:4)
  2 adders
  An adder skeleton (D:4)
  2 dart slugs (D:4)
  23 orcs
  3 endoplasms (D:2)
  A giant cockroach (D:2)
  5 goblins
  8 hobgoblins
  2 jackals (D:1)
  6 quokkas
  9 ball pythons
  7 bats
  3 frilled lizards (D:1)
  7 kobolds
  8 rats
114 creatures vanquished.

Vanquished Creatures (others)
  Duvessa (D:5)
  Dowan (D:5)
  444 foxfires
446 creatures vanquished.

Grand Total: 560 creatures vanquished

Notes
Turn   | Place    | Note
-------+----------+-------------------------------------------
     0 | D:1      | funkygono the Gargoyle Fire Elementalist began the quest
                  | for the Orb.
     0 | D:1      | Reached XP level 1. HP: 10/10 MP: 3/3
   142 | D:1      | Reached XP level 2. HP: 15/15 MP: 1/5
   565 | D:1      | Reached XP level 3. HP: 18/19 MP: 4/6
   950 | D:1      | Learned a level 3 spell: Inner Flame
  1627 | D:2      | Reached skill level 1 in Maces & Flails
  1876 | D:2      | Reached XP level 4. HP: 24/24 MP: 3/7
  1880 | D:2      | Learned a level 3 spell: Conjure Flame
  2474 | D:3      | Found a broken altar of Ashenzari.
  2582 | D:3      | Reached skill level 4 in Fire Magic
  2741 | D:3      | Noticed Ijyb
  2769 | D:3      | Killed Ijyb
  2770 | D:3      | Reached XP level 5. HP: 12/28 MP: 1/9
  3138 | D:3      | Found a stormy altar of Qazlal.
  3291 | D:3      | Noticed Jessica
  3294 | D:3      | Killed Jessica
  3859 | D:4      | Noticed an ogre
  3867 | D:4      | Killed an ogre
  3868 | D:4      | Reached XP level 6. HP: 8/33 MP: 2/11
  4700 | D:4      | Learned a level 4 spell: Sticky Flame
  4732 | D:5      | Entered Level 5 of the Dungeon
  4732 | D:5      | Noticed Duvessa
  4732 | D:5      | Noticed Dowan
  4796 | D:5      | Noticed a water moccasin
  4807 | D:4      | Killed a water moccasin
  4811 | D:4      | Reached XP level 7. HP: 21/37 MP: 4/12
  5004 | D:5      | Reached skill level 5 in Fire Magic
  5374 | D:5      | Killed Duvessa
  5380 | D:5      | Killed Dowan
  5634 | D:5      | Reached XP level 8. HP: 38/42 MP: 1/14
  5732 | D:4      | Learned a level 5 spell: Fireball
  5861 | D:5      | Noticed a two-headed ogre
  5874 | D:5      | Killed a two-headed ogre
  5875 | D:5      | Reached skill level 5 in Spellcasting
  5875 | D:5      | Reached skill level 5 in Conjurations
  5875 | D:5      | Reached skill level 6 in Fire Magic
  5992 | D:5      | Found a staircase to the Ecumenical Temple.
  6004 | Temple   | Entered the Ecumenical Temple
  6020 | Temple   | Became a worshipper of Vehumet
  6978 | D:6      | Reached skill level 1 in Fighting
  7196 | D:6      | Noticed a wyvern
  7207 | D:6      | Slain by a wyvern

Illustrated notes

Levels and vault maps discovered:
D:1:      wander_arrival_estate, layout_loops_ring, minmay_indecisive_spiral
D:2:      layout_loops_ring
D:3:      layout_loops_ring, nicolae_ashenzari_panopticon, pf_just_have_faith,
          uniq_jessica, uniq_ijyb
D:4:      layout_basic
D:5:      layout_rooms, lemuel_temple_firewalk_a, uniq_duvessa
D:6:      layout_rooms, kennysheep_little_box, chequers_serial_rivers_small_a,
          chequers_serial_rivers_small_3
Temple:   lightli_temple_of_artemis

Skill      XL: |  1  2  3  4  5  6  7  8 |
---------------+-------------------------+-----
Maces & Flails | 1 2 |  2.0
Fire Magic     | 4 5 6 |  6.7
Conjurations   | 2 3 4 5 |  5.7
Spellcasting   | 3 4 5 |  5.7
Dodging        | 2 |  2.3
Stealth        | 3 |  3.1
Fighting       | 1 |  1.5

Action                   |  1- 3 |  4- 6 |  7- 9 || total
-------------------------+-------+-------+-------++-------
Melee: Club              |    13 |       |       ||    13
       Flail             |     3 |    38 |     9 ||    50
 Cast: Foxfire           |    60 |    88 |   111 ||   259
  Use: Scroll            |     2 |    10 |     4 ||    16
       Potion            |       |       |     1 ||     1
Armor: Robe              |    10 |    34 |     8 ||    52
Dodge: Dodged            |    26 |    56 |    27 ||   109

Table legend: (Time is in decaauts)
 A = Elapsed time spent in this place.
 B = Non-inter-level travel time spent in this place.
 C = Inter-level travel time spent in this place.
 D = Time resting spent in this place.
 E = Time spent auto-exploring this place.
 F = Levels seen in this place.
 G = Mean time per level.
                   A        B        C        D        E       F      G
               +--------+--------+--------+--------+--------+-----+--------+
         Total |   7228 |   7083 |    145 |    558 |   5048 |   7 | 1032.6 |
       Dungeon |   7099 |   6968 |    131 |    558 |   4946 |   6 | 1183.2 |
        Temple |    128 |    114 |     14 |      0 |    102 |   1 |  128.0 |
               +--------+--------+--------+--------+--------+-----+--------+

Top non-repeatable levels by time:
     D:1: 1624 daAuts
     D:4: 1619 daAuts
     D:5: 1560 daAuts
     D:3: 1066 daAuts
     D:2: 787 daAuts
     D:6: 441 daAuts
  Temple: 128 daAuts
